 Dungeon Crawl Stone Soup version 0.31-a0-198-g2ad674f65e (webtiles) character file.

Game seed: 11552902931355706580

245 qw the Skirmisher (level 5, -4/30 HPs)
             Began as a Deep Elf Hunter on June 25, 2023.
             Slain by a killer bee (5 damage)
             ... on level 5 of the Dungeon.
             The game lasted 00:00:56 (2995 turns).

qw the Skirmisher (Deep Elf Hunter)                 Turns: 2995, Time: 00:00:57

Health: -4/30      AC:  9    Str: 13    XL:     5   Next: 83%
Magic:  7/7        EV: 11    Int: 14    God:
Gold:   149        SH:  0    Dex: 18    Spells: 4/4 levels left

rFire   + . .        Y - +0 shortbow
rCold   + . .        (shield currently unavailable)
rNeg    . . .        i - +0 ring mail
rPois   .            (no helmet)
rElec   .            f - +0 cloak
rCorr   .            c - +2 pair of gloves "Ralicwygg" {rF+ Str+3}
SInv    .            (no boots)
Will    .....        (no amulet)
Stlth   +            e - ring of protection from cold
HPRegen 0.25/turn    (no ring)
MPRegen 0.10/turn

%: no passive effects
@: lethally poisoned (-4 -> -10)
A: no striking features
a: no special abilities


You were on level 5 of the Dungeon.
You visited 1 branch of the dungeon, and saw 5 of its levels.

You collected 149 gold pieces.


   Skills:
 - Level 2.3 Fighting
 - Level 9.0 Ranged Weapons
 + Level 2.4 Dodging
 - Level 1.2 Stealth


You had 4 spell levels left.
You didn't know any spells.
Your spell library was empty.

Inventory:

Hand Weapons
 Y - a +0 shortbow (weapon)
Armour
 c - the +2 pair of gloves "Ralicwygg" (worn) {rF+ Str+3}
   (You found it on level 2 of the Dungeon)

   Str:       It affects your strength (+3).
   rF:        It protects you from fire.
 f - a +0 cloak (worn)
 i - a +0 ring mail (worn)
Jewellery
 e - a ring of protection from cold (left hand)
Scrolls
 l - a scroll of brand weapon {unknown}
 m - a scroll of poison {unknown}
 n - a scroll of identify
Potions
 a - a potion of attraction {unknown}
 b - 2 potions of might {unknown}
 d - a potion of heal wounds {unknown}
 g - a potion of degeneration {unknown}
 h - a potion of brilliance {unknown}
 j - 3 potions of curing
 k - a potion of enlightenment
 o - a potion of lignification {unknown}

Dungeon Overview and Level Annotations

Branches:
Dungeon (4/15)
 Temple: D:4-7

Altars:

Shops:
D:2 :(:


Message History

The killer bee stings you but does no damage.
You shoot an arrow. The arrow hits the killer bee.
The killer bee is severely wounded.
The killer bee closely misses you. The killer bee misses you.
The killer bee stings you. x2
You shoot an arrow. The arrow hits the killer bee.
The killer bee is severely wounded.
The killer bee completely misses you. The killer bee stings you.
The killer bee stings you but does no damage.
The killer bee stings you.
You shoot an arrow. The arrow hits the killer bee.
You kill the killer bee!
The killer bee misses you.
Your Fighting skill increases to level 2!
You shoot an arrow. The arrow barely misses the killer bee.
The killer bee stings you. The killer bee misses you.
The killer bee barely misses you. x2
You shoot an arrow. The arrow hits the killer bee!
The killer bee is heavily wounded.
The killer bee stings you.
You are poisoned.
The killer bee poisons you! The killer bee barely misses you.
The killer bee closely misses you. x2
You shoot an arrow. The arrow misses the killer bee.
You feel sick.
The killer bee stings you but does no damage.
The killer bee stings you.
You are lethally poisoned!
The killer bee poisons you!
The killer bee stings you but does no damage.
The killer bee stings you.
You shoot an arrow. The arrow barely misses the killer bee.
You feel sick. The killer bee closely misses you. x2
The killer bee misses you. x2
You shoot an arrow. The arrow hits the killer bee!
You kill the killer bee!
You feel sick.
The killer bee stings you but does no damage.
The killer bee stings you.
You die...

#....#######
...........##
............##
.............#
.............#
##..........##
#####..#####
##.## #@.#
##y# #y# y# #y
.. #.# ..


You could see 4 killer bees.

Vanquished Creatures
  2 killer bees (D:5)
  A hound (D:4)
  An iguana (D:4)
  2 orc wizards (D:4)
  5 adders
  An orc (D:4)
  3 ball pythons
  4 endoplasms
  2 giant cockroaches
  5 hobgoblins
  7 jackals
  5 kobolds
  2 quokkas
  A bat (D:1)
  A frilled lizard (D:2)
  7 goblins
  2 rats
51 creatures vanquished.

Notes
Turn   | Place    | Note
-------+----------+-------------------------------------------
     0 | D:1      | qw the Deep Elf Hunter began the quest for the Orb.
     0 | D:1      | Reached XP level 1. HP: 12/12 MP: 3/3
     0 | D:1      | 0 ||| qw: Version: 0.3-a-22-g0ed2b0b
     0 | D:1      | 0 ||| qw: Game counter: 5026
     0 | D:1      | 0 ||| qw: Melee chars always use a shield: true
     0 | D:1      | 0 ||| qw: God list: Okawaru
     0 | D:1      | 0 ||| qw: Allow faded altars: false
     0 | D:1      | 0 ||| qw: Do Orc after clearing Dungeon:15 true
     0 | D:1      | 0 ||| qw: Do second Lair branch before Depths: true
     0 | D:1      | 0 ||| qw: Lair rune preference: random
     0 | D:1      | 0 ||| qw: Goals: Normal
     0 | D:1      | 0 ||| PLANNING D:1-11
   209 | D:1      | Reached XP level 2. HP: 16/16 MP: 4/4
   215 | D:1      | Reached skill level 6 in Ranged Weapons
   601 | D:1      | 601 ||| UPGRADING to +0 cloak.
   606 | D:1      | 606 ||| UPGRADING to +0 pair of gloves.
   611 | D:1      | 611 ||| UPGRADING to +0 ring mail.
   621 | D:1      | 621 ||| DROPPING +0 leather armour.
   622 | D:1      | 622 ||| READING scroll labelled NUIWKILOUF.
   623 | D:1      | 623 ||| READING scroll labelled BUUMEC ROUWAPN.
   724 | D:1      | 724 ||| DRINKING 2 silvery potions.
   725 | D:1      | 725 ||| DROPPING scroll of butterflies.
   856 | D:2      | Identified the +2 pair of gloves "Ralicwygg" {rF+ Str+3}
  1020 | D:2      | Found Wocuq's Book Boutique.
  1044 | D:2      | Reached XP level 3. HP: 18/20 MP: 5/5
  1328 | D:2      | Found Qayb's Book Shoppe.
  1428 | D:2      | Found Wedwumar's Weapon Shoppe.
  1709 | D:2      | 1709 ||| UPGRADING to +2 pair of gloves "Ralicwygg" {rF+
                  | Str+3}.
  1719 | D:2      | 1719 ||| DROPPING +0 pair of gloves.
  1720 | D:2      | 1720 ||| READING scroll labelled GYAGOA NIRESUDGH.
  1721 | D:2      | 1721 ||| READING scroll labelled DOCKIK ISEIST.
  1722 | D:2      | 1722 ||| READING scroll labelled YXTEEC TOSIH.
  1741 | D:3      | Reached skill level 7 in Ranged Weapons
  2015 | D:3      | Found a faded altar of an unknown god.
  2077 | D:3      | Reached XP level 4. HP: 25/25 MP: 6/6
  2530 | D:3      | 2530 ||| UPGRADING to ring of protection from cold.
  2531 | D:3      | 2531 ||| READING scroll labelled KUMMUU KOACU.
  2532 | D:3      | 2532 ||| DRINKING 2 fuming amethyst potions.
  2792 | D:4      | Reached skill level 8 in Ranged Weapons
  2801 | D:4      | 2801 ||| DRINKING 5 potions of curing.
  2801 | D:4      | 2801 ||| (to cure confusion)
  2804 | D:4      | 2804 ||| DRINKING 4 potions of curing.
  2804 | D:4      | 2804 ||| (to cure confusion)
  2810 | D:4      | Reached XP level 5. HP: 25/29 MP: 7/7
  2919 | D:4      | Reached skill level 9 in Ranged Weapons
  2973 | D:4      | You fall into a shaft and drop 1 floor!
  2973 | D:5      | Entered Level 5 of the Dungeon
  2993 | D:5      | HP: 5/30 [killer bee (3)]
  2995 | D:5      | HP: 1/30 [poisoned by a killer bee]
  2995 | D:5      | Slain by a killer bee

Levels and vault maps discovered:
D:1:      scummos_arrival_hexagon, layout_basic, minmay_misc_feat_nine_boxes
D:2:      layout_loops_corners, serial_shops, shop,
          nicolae_shop_gibbet_a_chance, shop, minmay_misc_feat_tiny,
          minivault_27
D:3:      layout_loops_cross, hellmonk_ecumenical_altar_leap_of_faith,
          roderic_lattice_a
D:4:      layout_rooms, kennysheep_mini
D:5:      layout_cave_pods, nicolae_vehumet_radiance

Skill      XL: |  1  2  3  4  5 |
---------------+----------------+-----
Ranged Weapons | 6 7 8 9 |  9.0
Fighting       | 2 |  2.3
Dodging        | |  2.4
Stealth        | |  1.2

Action                     |  1- 3 |  4- 6 || total
---------------------------+-------+-------++-------
   Fire: Shortbow          |   101 |    98 ||   199
    Use: Scroll            |     5 |     1 ||     6
         Potion            |     1 |     3 ||     4
 Armour: Leather armour    |     1 |       ||     1
         Ring mail         |    11 |    43 ||    54
  Dodge: Dodged            |    23 |    53 ||    76

Table legend:
 A = Non-vault XP
 B = Vault XP
 C = Vault XP percentage of total XP
 D = Non-vault monster count
 E = Vault monster count
 F = Vault count percentage of total count
                 A         B        C        D         E       F
            +---------+---------+-------+---------+---------+-------
      Total |     411 |       0 |   0.0 |      51 |       0 |   0.0
            +---------+---------+-------+---------+---------+-------
        D:1 |      18 |       0 |   0.0 |      11 |       0 |   0.0
        D:2 |      40 |       0 |   0.0 |      16 |       0 |   0.0
        D:3 |      63 |       0 |   0.0 |      10 |       0 |   0.0
        D:4 |     166 |       0 |   0.0 |      12 |       0 |   0.0
        D:5 |     124 |       0 |   0.0 |       2 |       0 |   0.0
            +---------+---------+-------+---------+---------+-------
